[Event "Titled Tuesday Blitz July 11 Late 2023"]
[White "Srdanovic, Jovana"]
[Black "SicilianPanzer"]
[WhiteFideId "954810"]
[WhiteElo "2430"]
[BlackElo "2259"]
[Result "0-1"]
[Round "6"]
[TimeControl "180+2"]
[Date "2023.07.11"]
[WhiteClock "0:00:04"]
[BlackClock "0:00:05"]
[Board "117"]

1. d4 Nf6 2. c4 e6 3. Nf3 c5 4. d5 b5 5. Bg5 b4 6. Nbd2 Be7 7. Bxf6 Bxf6 8. Rb1 O-O 9. e4 exd5 10. cxd5 d6 11. Bd3 Bg4 12. h3 Bxf3 13. Qxf3 Nd7 14. Nc4 Qe7 15. O-O a5 16. Rfe1 a4 17. Qg3 Ne5 18. Nxe5 Bxe5 19. f4 Bd4+ 20. Kh1 f6 21. Qh4 g6 22. Re2 Qc7 23. Bc4 Rae8 24. Rbe1 Re7 25. e5 fxe5 26. fxe5 Ref7 27. Re4 Bxe5 28. Rxe5 dxe5 29. d6 Qxd6 30. Bxf7+ Rxf7 31. Qe4 Qd4 32. Qa8+ Kg7 33. Qe8 Qxb2 34. Qxe5+ Qxe5 35. Rxe5 Rc7 36. Kg1 c4 37. Re1 c3 38. Kf2 c2 39. Rc1 b3 40. axb3 axb3 41. Ke2 b2 42. Kd2 b1=Q 0-1


[Site "https://www.chess.com"]

[Event "Titled Tuesday Blitz July 11 Late 2023"]
[White "Rodriguez Fontecha, Marcos"]
[Black "rikchessmx"]
[WhiteFideId "2256576"]
[WhiteElo "2419"]
[BlackElo "2252"]
[Result "1-0"]
[Round "6"]
[TimeControl "180+2"]
[Date "2023.07.11"]
[WhiteClock "0:00:14"]
[BlackClock "0:00:09"]
[Board "118"]

1. e4 e5 2. Nf3 Nc6 3. d4 exd4 4. Bc4 Bc5 5. Ng5 Ne5 6. Nxf7 Qf6 7. Nxe5 Qxe5 8. O-O d6 9. f4 d3+ 10. Kh1 dxc2 11. Qxc2 Qh5 12. e5 Ne7 13. Nc3 c6 14. exd6 Bxd6 15. Ne4 Bc7 16. Ng3 Qg4 17. Qb3 Rf8 18. Bd2 b5 19. Be2 Qe6 20. Qc2 g6 21. a4 bxa4 22. Bc4 Qg4 23. Rae1 Bd6 24. Ne4 Bc7 25. Bb4 Bf5 26. Qxa4 Bxe4 27. Rxe4 Bd8 28. Qxc6+ Qd7 29. Qxa8 Rf7 30. Bxf7+ Kxf7 31. Bxe7 Bxe7 32. Rfe1 Bc5 33. R4e2 Bb6 34. Qe4 h5 35. Qe6+ Qxe6 36. Rxe6 h4 37. Re7+ Kf6 38. R7e6+ Kf5 39. Rxb6 axb6 40. g3 h3 41. Kg1 Kg4 42. Kf2 g5 43. fxg5 Kxg5 44. Kf3 Kf5 45. Rc1 Ke5 46. Rc6 b5 47. Rb6 Kd4 48. Rxb5 Kc4 49. Rh5 Kb3 50. Rxh3 Kxb2 51. Rh4 Kc3 52. Re4 Kd3 53. h4 1-0


[Site "https://www.chess.com"]

[Event "Titled Tuesday Blitz July 11 Late 2023"]
[White "Sarkar, Justin"]
[Black "Lopez Gracia, Fernando"]
[WhiteFideId "2010011"]
[BlackFideId "2207184"]
[WhiteElo "2251"]
[BlackElo "2415"]
[Result "1-0"]
[Round "6"]
[TimeControl "180+2"]
[Date "2023.07.11"]
[WhiteClock "0:00:05"]
[BlackClock "0:00:00"]
[Board "119"]

1. d4 Nf6 2. c4 e6 3. Nc3 Bb4 4. e3 O-O 5. Bd3 Bxc3+ 6. bxc3 c5 7. Ne2 b6 8. O-O Nc6 9. e4 Ne8 10. e5 f5 11. Be3 Qe7 12. f4 Ba6 13. dxc5 bxc5 14. Qa4 Nc7 15. Qa3 Rfd8 16. Bxc5 Qf7 17. Bd6 Bb7 18. Bxc7 Rdc8 19. Bd6 Qg6 20. Rf2 a5 21. Rb1 Ba6 22. Rf3 Nd8 23. c5 Bb7 24. Rg3 Qh5 25. c4 Bc6 26. Qc3 Nf7 27. Qd4 Nh6 28. h3 a4 29. Rb6 a3 30. Qf2 Qf7 31. Nd4 g6 32. Nxc6 Rxc6 33. Be2 Rac8 34. Rxa3 Rd8 35. Bf3 Rcc8 36. Rb7 Qe8 37. Raa7 Nf7 38. c6 Nxd6 39. exd6 dxc6 40. Rg7+ Kf8 41. Rxh7 Kg8 42. Qd4 e5 43. Qxe5 Qxe5 44. fxe5 Re8 45. Rhg7+ Kh8 46. Rh7+ Kg8 47. d7 Rcd8 48. dxe8=Q+ Rxe8 49. Rhg7+ Kf8 50. Rxg6 Rxe5 51. Rf6+ Ke8 52. Bxc6+ Kd8 53. Rf8+ 1-0


[Site "https://www.chess.com"]

[Event "Titled Tuesday Blitz July 11 Late 2023"]
[White "Melikhov, Evgeny V."]
[Black "Broca Jimenez, Fernando"]
[WhiteFideId "4122046"]
[BlackFideId "5104742"]
[WhiteElo "2414"]
[BlackElo "2236"]
[Result "1-0"]
[Round "6"]
[TimeControl "180+2"]
[Date "2023.07.11"]
[WhiteClock "0:00:26"]
[BlackClock "0:00:00"]
[Board "120"]

1. d4 f5 2. e4 fxe4 3. Nc3 Nf6 4. Bg5 e6 5. Nxe4 Be7 6. Bxf6 Bxf6 7. c3 O-O 8. Nf3 b6 9. Qc2 Bb7 10. O-O-O g6 11. h4 d6 12. h5 g5 13. h6 Nd7 14. Bd3 Qe7 15. Rh5 Bxe4 16. Bxe4 Rad8 17. Bc6 Kh8 18. Bxd7 Rxd7 19. Qe4 e5 20. d5 Rg8 21. g4 Qf7 22. c4 Bd8 23. Rd3 Qf4+ 24. Re3 Rf7 25. Qxf4 Rxf4 26. Nd2 Rxg4 27. Ne4 Rf4 28. f3 Rg6 29. b3 Kg8 30. Nf2 Rff6 31. Ng4 Rf4 32. Rh3 Be7 33. Kc2 Bf8 34. Kd3 Kf7 35. Re4 Ke7 36. Ne3 Kf6 37. Ng4+ Kf5 38. Ne3+ Kf6 39. Rh5 Ke7 40. Ke2 Rgf6 41. Rxg5 Rxf3 42. Ng4 1-0


[Site "https://www.chess.com"]

[Event "Titled Tuesday Blitz July 11 Late 2023"]
[White "Bouget, Alexandre"]
[Black "Schachpanda_Youtube"]
[WhiteFideId "681318"]
[WhiteElo "2411"]
[BlackElo "2231"]
[Result "1-0"]
[Round "6"]
[TimeControl "180+2"]
[Date "2023.07.11"]
[WhiteClock "0:01:48"]
[BlackClock "0:00:52"]
[Board "121"]

1. d4 d5 2. c4 c6 3. Nc3 dxc4 4. a4 e5 5. dxe5 Qxd1+ 6. Kxd1 Be6 7. e4 Nd7 8. f4 O-O-O 9. Kc2 g6 10. Nf3 Nc5 11. Ng5 Nb3 12. Nxe6 fxe6 13. Bxc4 Nxa1+ 14. Kb1 Nh6 15. Bxe6+ Kb8 16. Kxa1 Bc5 17. h3 Rhe8 18. f5 Ng8 19. Bf7 Rxe5 20. Bf4 Bd6 21. Rd1 Kc7 22. Bxe5 Bxe5 23. Rxd8 Kxd8 24. Bxg8 1-0


[Site "https://www.chess.com"]

[Event "Titled Tuesday Blitz July 11 Late 2023"]
[White "BrandonJiang123456"]
[Black "Buchenau, Frank"]
[BlackFideId "4604350"]
[WhiteElo "2228"]
[BlackElo "2401"]
[Result "1-0"]
[Round "6"]
[TimeControl "180+2"]
[Date "2023.07.11"]
[WhiteClock "0:01:10"]
[BlackClock "0:00:28"]
[Board "122"]

1. e4 e6 2. d4 d5 3. Nc3 Nf6 4. exd5 exd5 5. Bg5 Bb4 6. Bd3 O-O 7. Ne2 c6 8. O-O Bg4 9. f3 Bh5 10. Nf4 Bg6 11. Nxg6 hxg6 12. f4 Qb6 13. Ne2 Ng4 14. Rf3 f5 15. h3 Nf6 16. Bxf6 gxf6 17. h4 c5 18. c3 c4 19. Bc2 Bd6 20. h5 Kf7 21. hxg6+ Kxg6 22. Rg3+ Kf7 23. Bxf5 Na6 24. Bg6+ Ke7 25. Re3+ Kd7 26. Ng3 Kc7 27. Nf5 Bxf4 28. Re7+ Kd8 29. Qf3 1-0


[Site "https://www.chess.com"]

[Event "Titled Tuesday Blitz July 11 Late 2023"]
[White "Khouri, Ahmed Abbas"]
[Black "Carrasco Miranda, Andres"]
[WhiteFideId "9301518"]
[BlackFideId "3405990"]
[WhiteElo "2192"]
[BlackElo "2400"]
[Result "1-0"]
[Round "6"]
[TimeControl "180+2"]
[Date "2023.07.11"]
[WhiteClock "0:00:25"]
[BlackClock "0:00:00"]
[Board "123"]

1. e4 e5 2. Nf3 Nc6 3. Bb5 Nf6 4. d3 Bc5 5. c3 O-O 6. Nbd2 d5 7. Qe2 Re8 8. h3 a6 9. Ba4 dxe4 10. dxe4 Qe7 11. Nf1 b5 12. Bb3 Na5 13. Bc2 Nc4 14. Ne3 Nxe3 15. Bxe3 Bb7 16. Bg5 h6 17. Bh4 g5 18. Bg3 Nh5 19. O-O-O Nf4 20. Bxf4 exf4 21. Rhe1 b4 22. c4 Rad8 23. Rxd8 Rxd8 24. Nd2 Bd4 25. e5 Bxg2 26. h4 Qe6 27. hxg5 hxg5 28. Qh5 1-0


[Site "https://www.chess.com"]

[Event "Titled Tuesday Blitz July 11 Late 2023"]
[White "Ricaurte Lopez, Juan Carlos"]
[Black "Toktomushev, Teimur"]
[WhiteFideId "3600327"]
[BlackFideId "14176726"]
[WhiteElo "2137"]
[BlackElo "2397"]
[Result "0-1"]
[Round "6"]
[TimeControl "180+2"]
[Date "2023.07.11"]
[WhiteClock "0:00:34"]
[BlackClock "0:00:02"]
[Board "124"]

1. e4 c5 2. d4 cxd4 3. c3 dxc3 4. Nxc3 e6 5. Nf3 Nc6 6. Bc4 Bb4 7. O-O Nge7 8. Bg5 O-O 9. e5 Bxc3 10. bxc3 Qa5 11. Qe2 Ng6 12. Rfe1 Ncxe5 13. Nxe5 Qxe5 14. Qxe5 Nxe5 15. Rxe5 f6 16. Bxf6 gxf6 17. Rc5 d5 18. Bb3 b6 19. Rc6 Bd7 20. Rd6 Rad8 21. c4 Bc8 22. Rxd8 Rxd8 23. cxd5 exd5 24. Kf1 Kf7 25. Rc1 Ba6+ 26. Ke1 Rd7 27. Kd2 Ke7 28. Rc5 bxc5 0-1


[Site "https://www.chess.com"]

[Event "Titled Tuesday Blitz July 11 Late 2023"]
[White "Djordjevic, Dejan N"]
[Black "Campos, Maria Jose"]
[WhiteFideId "913316"]
[BlackFideId "146803"]
[WhiteElo "2099"]
[BlackElo "2393"]
[Result "1/2-1/2"]
[Round "6"]
[TimeControl "180+2"]
[Date "2023.07.11"]
[WhiteClock "0:00:17"]
[BlackClock "0:01:07"]
[Board "125"]

1. e4 e5 2. Nf3 Nc6 3. Bc4 Nf6 4. d3 Bc5 5. O-O d6 6. Re1 h6 7. c3 a6 8. Bb3 Ba7 9. Nbd2 O-O 10. Nf1 Be6 11. Bc2 Re8 12. Be3 d5 13. Bxa7 Rxa7 14. Qe2 d4 15. Ng3 Ra8 16. Bb3 a5 17. Bxe6 fxe6 18. Rac1 Qd6 19. Nf1 Re7 20. N1d2 b5 21. a4 dxc3 22. bxc3 b4 23. Nc4 Qc5 24. cxb4 Qxb4 25. Ncxe5 Nxe5 26. Nxe5 Qxa4 27. Rc4 Qb5 28. Qc2 Qxe5 29. d4 Qf4 30. f3 Rd7 31. Qb3 Kh8 32. g3 Qd2 33. Rd1 Qe2 34. Ra4 Rad8 35. Ra2 Qa6 36. Rad2 a4 37. Qb4 a3 38. Kg2 a2 39. Ra1 Qb6 40. Qxb6 cxb6 41. Raxa2 Rxd4 42. Rdb2 Rb8 43. Rb5 Nd7 44. Rc2 Kg8 1/2-1/2


[Site "https://www.chess.com"]

[Event "Titled Tuesday Blitz July 11 Late 2023"]
[White "Milovic, Aleksandra"]
[Black "dodoucb"]
[WhiteFideId "933988"]
[WhiteElo "2056"]
[BlackElo "2390"]
[Result "1-0"]
[Round "6"]
[TimeControl "180+2"]
[Date "2023.07.11"]
[WhiteClock "0:01:04"]
[BlackClock "0:00:55"]
[Board "126"]

1. e4 c6 2. d4 d5 3. Nc3 dxe4 4. Nxe4 Bf5 5. Ng3 Bg6 6. Nf3 Nd7 7. Bd3 e6 8. O-O Ngf6 9. Bg5 Bd6 10. Ne4 Be7 11. Re1 Nxe4 12. Bxe7 Nxf2 13. Bxd8 Nxd1 14. Bc7 Nxb2 15. Bxg6 hxg6 16. Rab1 Nc4 17. Rxb7 O-O 18. Ne5 Ndxe5 19. dxe5 a5 20. Re4 Na3 21. Bd6 Nxc2 22. Bxf8 Rxf8 23. Rc4 Nb4 24. a3 Nd3 25. Rxc6 Nxe5 26. Rc5 Ng4 27. h3 Ne3 28. Rxa5 Rd8 29. Raa7 Rd2 30. Rxf7 Rd1+ 31. Kh2 Nf1+ 32. Kg1 Ne3+ 33. Kf2 Nf5 34. g4 Rd2+ 35. Ke1 1-0


[Site "https://www.chess.com"]

[Event "Titled Tuesday Blitz July 11 Late 2023"]
[White "Cooklev, Steven"]
[Black "Upper, John"]
[WhiteFideId "2050552"]
[BlackFideId "2606437"]
[WhiteElo "2389"]
[BlackElo "2009"]
[Result "1-0"]
[Round "6"]
[TimeControl "180+2"]
[Date "2023.07.11"]
[WhiteClock "0:00:06"]
[BlackClock "0:00:00"]
[Board "127"]

1. e4 c5 2. Nf3 Nc6 3. Nc3 e5 4. Bc4 Be7 5. d3 d6 6. O-O Nf6 7. Ng5 O-O 8. f4 h6 9. Nf3 exf4 10. Bxf4 Bg4 11. h3 Bxf3 12. Qxf3 Nd4 13. Qf2 a6 14. Nd5 b5 15. Nxf6+ Bxf6 16. Bd5 Rb8 17. c3 Ne6 18. Bxh6 Bh4 19. g3 gxh6 20. gxh4 Kh7 21. Qf5+ Kh8 22. Qf6+ Qxf6 23. Rxf6 Kg7 24. Raf1 Rbe8 25. Kh2 Re7 26. Kg3 a5 27. Bxe6 Rxe6 28. Rxe6 fxe6 29. Rxf8 Kxf8 30. Kf4 Kf7 31. c4 b4 32. e5 dxe5+ 33. Kxe5 Ke7 34. b3 h5 35. d4 cxd4 36. Kxd4 Kd6 37. Ke4 Kc5 38. Ke5 a4 39. Kxe6 axb3 40. axb3 1-0


[Site "https://www.chess.com"]

[Event "Titled Tuesday Blitz July 11 Late 2023"]
[White "micke12a"]
[Black "gordonzyxu"]
[WhiteElo "2384"]
[BlackElo "1958"]
[Result "0-1"]
[Round "6"]
[TimeControl "180+2"]
[Date "2023.07.11"]
[WhiteClock "0:00:00"]
[BlackClock "0:00:19"]
[Board "128"]

1. e4 e5 2. Nf3 Nf6 3. Nxe5 d6 4. Nf3 Nxe4 5. c4 Nc6 6. d4 d5 7. Bd3 Be7 8. O-O O-O 9. Nc3 Nxc3 10. bxc3 dxc4 11. Bxc4 Bg4 12. Be2 Re8 13. Rb1 b6 14. h3 Bh5 15. Nd2 Bg6 16. Rb5 a6 17. Bf3 Nxd4 18. Rd5 Nxf3+ 19. Nxf3 Qc8 20. Bf4 f6 21. Re1 Bd6 22. Bxd6 Rxe1+ 23. Qxe1 cxd6 24. Rxd6 Qc5 25. Qd2 Be4 26. Rd8+ Kf7 27. Qd7+ Qe7 28. Qxe7+ Kxe7 0-1


[Site "https://www.chess.com"]

[Event "Titled Tuesday Blitz July 11 Late 2023"]
[White "Sadykov, Ramil"]
[Black "Prydun, Andriy"]
[WhiteFideId "24113590"]
[BlackFideId "14145898"]
[WhiteElo "2589"]
[BlackElo "2378"]
[Result "1-0"]
[Round "6"]
[TimeControl "180+2"]
[Date "2023.07.11"]
[WhiteClock "0:00:25"]
[BlackClock "0:00:02"]
[Board "129"]

1. e4 d5 2. exd5 Qxd5 3. Nc3 Qd8 4. Nf3 Nf6 5. Bc4 e6 6. O-O b6 7. d4 Bb7 8. Re1 Be7 9. Ne5 O-O 10. Bf4 Nbd7 11. Qe2 Bb4 12. Bd2 Bxc3 13. Bxc3 Nxe5 14. dxe5 Nd5 15. Bd2 Qe7 16. c3 Rfd8 17. Rad1 Qh4 18. g3 Qh3 19. f3 Qh5 20. f4 Qh3 21. Bd3 Nb4 22. Be4 Bxe4 23. Qxe4 Nd3 24. Re2 Nxb2 25. Rb1 Nd3 26. Be3 Qf5 27. Qxf5 exf5 28. c4 Nc5 29. Bxc5 bxc5 30. Rb5 Rd7 31. Rxc5 Kf8 32. e6 fxe6 33. Rxe6 g6 34. a4 Rc8 35. Ra6 c6 36. Raxc6 Rxc6 37. Rxc6 Rd2 38. a5 Ke7 39. Rc7+ Kd6 40. Rxa7 h5 41. Ra6+ Kc5 42. Rxg6 Kxc4 43. Rg5 Rd5 44. a6 Kd3 45. a7 Ra5 46. Rxf5 Rxa7 47. Rxh5 Ra2 48. Re5 Kd4 49. h4 Rb2 50. h5 Rc2 51. Re1 Kd3 52. g4 Kd4 53. g5 Kd5 54. h6 Rc7 55. g6 Rc6 56. f5 Rc4 57. h7 Rg4+ 58. Kh2 Rh4+ 59. Kg3 Rh5 60. Kg4 Rh2 61. f6 Rg2+ 62. Kf5 Rf2+ 63. Kg5 Rg2+ 64. Kh6 Rh2+ 65. Kg7 1-0


[Site "https://www.chess.com"]

[Event "Titled Tuesday Blitz July 11 Late 2023"]
[White "Janaszak, Dawid"]
[Black "Weisz, Bryan"]
[WhiteFideId "1119206"]
[BlackFideId "30934133"]
[WhiteElo "2521"]
[BlackElo "2333"]
[Result "1-0"]
[Round "6"]
[TimeControl "180+2"]
[Date "2023.07.11"]
[WhiteClock "0:01:46"]
[BlackClock "0:00:54"]
[Board "130"]

1. Nc3 Na6 2. Nh3 Nc5 3. Nf4 Nh6 4. d4 Ne6 5. e4 d6 6. Bc4 Nxd4 7. Qxd4 e5 8. Qd3 exf4 9. Bxf4 Ng4 10. O-O-O Nxf2 11. Qf3 Nxd1 12. Bxf7+ Kd7 13. Qh3+ Kc6 14. Bd5+ Kb6 15. Na4+ Ka5 16. Bd2+ Ka6 17. Nc5+ dxc5 18. Qa3+ 1-0


[Site "https://www.chess.com"]

[Event "Titled Tuesday Blitz July 11 Late 2023"]
[White "Cluke86"]
[Black "Dragomirescu, Robin-Alexandru"]
[BlackFideId "1213849"]
[WhiteElo "2350"]
[BlackElo "2496"]
[Result "1/2-1/2"]
[Round "6"]
[TimeControl "180+2"]
[Date "2023.07.11"]
[WhiteClock "0:00:07"]
[BlackClock "0:00:24"]
[Board "131"]

1. e4 Nc6 2. d4 e5 3. Nf3 exd4 4. Bc4 Nf6 5. O-O Nxe4 6. Nc3 dxc3 7. Bxf7+ Kxf7 8. Qd5+ Ke8 9. Re1 Be7 10. Rxe4 d6 11. b4 Ne5 12. Nxe5 dxe5 13. Qxe5 Qd6 14. Bg5 h6 15. Bxe7 Qxe5 16. Rxe5 Kf7 17. Rae1 Re8 18. R5e3 Bf5 19. Bc5 Rxe3 20. Rxe3 Re8 21. Rxe8 Kxe8 22. Bd4 Bxc2 23. Bxg7 Bb1 24. Bxc3 Bxa2 25. f4 h5 26. Kf2 Kf7 27. Be5 c6 28. Bd4 b6 29. g3 Ke6 30. Ke3 Bb1 31. Kf3 Bf5 32. Ke3 Kd5 33. Bc3 Kc4 34. Be1 c5 35. bxc5 Kxc5 36. Kd2 a5 37. Bf2+ Kc6 38. Kc3 b5 39. Kd4 a4 40. Be1 a3 41. Bb4 a2 42. Bc3 Kd6 43. Bb4+ Kc6 44. Bc3 b4 45. Ba1 Kb5 46. Ke5 Bd7 47. f5 Kc4 48. f6 Be8 49. Ke4 Kb3 50. Kd3 Bg6+ 51. Kd2 Kc4 52. Kc1 Kd3 53. Kb2 Bf7 54. Kc1 Ke2 55. Be5 Kf3 56. Kb2 Ke4 57. Bc7 Kf5 58. Bd8 Kg4 59. Bc7 Kh3 60. Bf4 Kg2 61. Bd6 Kf3 62. Bxb4 Kg2 63. Bd6 Kxh2 64. g4+ Kg2 65. gxh5 Bxh5 66. Kxa2 Kf3 67. Kb2 Ke4 68. Be7 Kd5 69. f7 Bxf7 1/2-1/2


[Site "https://www.chess.com"]

[Event "Titled Tuesday Blitz July 11 Late 2023"]
[White "Schuster, Karsten"]
[Black "Guzman Moneo, Alberto"]
[WhiteFideId "4611071"]
[BlackFideId "2209616"]
[WhiteElo "2332"]
[BlackElo "2404"]
[Result "1-0"]
[Round "6"]
[TimeControl "180+2"]
[Date "2023.07.11"]
[WhiteClock "0:00:33"]
[BlackClock "0:00:00"]
[Board "132"]

1. Nf3 g6 2. d4 Bg7 3. b3 c5 4. Bb2 cxd4 5. Bxd4 Nf6 6. e3 Nc6 7. Bb2 O-O 8. Nbd2 d5 9. Be2 e6 10. O-O Bd7 11. Ne5 Nxe5 12. Bxe5 Rc8 13. c4 Bc6 14. Rc1 Nd7 15. Bxg7 Kxg7 16. Qc2 Qf6 17. cxd5 Bxd5 18. Qb1 Ne5 19. h3 Qg5 20. Ne4 Qe7 21. f4 Bxe4 22. Qxe4 Nc6 23. Bf3 Rfd8 24. Rfd1 Rxd1+ 25. Rxd1 Rd8 26. Rxd8 Qxd8 27. Kh2 h5 28. Qa4 Qd3 29. Bxc6 bxc6 30. Qxa7 Qe2 31. Qd4+ Kh7 32. a4 h4 33. Qf6 Qxe3 34. Qxf7+ Kh6 35. Qf8+ Kh7 36. Qe7+ Kg8 37. Qxh4 Qxb3 38. a5 Qa4 39. Qd8+ Kg7 40. Qe7+ Kh6 41. Qg5+ Kg7 42. h4 Kf7 43. h5 gxh5 44. Qxh5+ Ke7 45. Qc5+ Kf7 46. g3 Kg6 47. Qg5+ Kf7 48. Kh3 Qc4 49. Qh5+ Ke7 50. Qh7+ Ke8 51. Qh8+ Kf7 52. Qe5 Qf1+ 53. Kg4 Qd1+ 54. Kg5 Qh1 55. Qc7+ Kf8 56. Kg6 Qe4+ 57. Kg5 Qf5+ 58. Kh4 Qf6+ 59. Kh3 Qf5+ 60. g4 Qd3+ 61. Kh4 Qg6 62. Qd8+ Kf7 63. Qd7+ Kf8 64. Qxc6 Qh7+ 65. Kg3 Qd3+ 66. Qf3 Qd5 67. Qxd5 exd5 68. a6 Ke7 69. a7 1-0


[Site "https://www.chess.com"]

[Event "Titled Tuesday Blitz July 11 Late 2023"]
[White "Fajdetic, Hrvoje"]
[Black "Balla, Tamas-Kristof"]
[WhiteFideId "14501945"]
[BlackFideId "1208497"]
[WhiteElo "2329"]
[BlackElo "2388"]
[Result "1-0"]
[Round "6"]
[TimeControl "180+2"]
[Date "2023.07.11"]
[WhiteClock "0:01:07"]
[BlackClock "0:00:15"]
[Board "133"]

1. f4 e5 2. fxe5 d6 3. exd6 Bxd6 4. Nf3 g5 5. g3 h5 6. d4 g4 7. Nh4 Ne7 8. Qd3 Nbc6 9. a3 Be6 10. Nc3 Nxd4 11. Bg5 Be5 12. O-O-O Qd6 13. Nb5 Qc6 14. Nxd4 Qxh1 15. Nxe6 Bd6 16. Nxc7+ Kf8 17. Qxd6 1-0


[Site "https://www.chess.com"]

[Event "Titled Tuesday Blitz July 11 Late 2023"]
[White "Pesotskiy, Mikhail"]
[Black "AndresDelgado77"]
[WhiteFideId "34164453"]
[WhiteElo "2381"]
[BlackElo "2312"]
[Result "1-0"]
[Round "6"]
[TimeControl "180+2"]
[Date "2023.07.11"]
[WhiteClock "0:00:22"]
[BlackClock "0:00:24"]
[Board "134"]

1. d4 Nf6 2. c4 e5 3. dxe5 Ng4 4. Bf4 g5 5. Bg3 Bg7 6. Nf3 Nc6 7. Nbd2 Ngxe5 8. Nxe5 Nxe5 9. h4 g4 10. h5 h6 11. e3 f5 12. Qc2 d6 13. O-O-O Be6 14. c5 Qf6 15. cxd6 cxd6 16. Qa4+ Bd7 17. Qb3 Bc6 18. Nc4 Bf8 19. Nxe5 dxe5 20. Bc4 Bd6 21. Bh4 Qf8 22. Bb5 Rc8 23. Qe6+ Be7 24. Qxc8+ Kf7 25. Qxf5+ Kg7 26. Qxe5+ Bf6 27. Bxf6+ Qxf6 28. Qxf6+ Kxf6 29. Bxc6 Rc8 30. Rd6+ Ke7 31. Rhd1 bxc6 32. Rxh6 1-0


[Site "https://www.chess.com"]

[Event "Titled Tuesday Blitz July 11 Late 2023"]
[White "kiwibobo"]
[Black "Kirillov, Dmitry"]
[BlackFideId "34180572"]
[WhiteElo "2325"]
[BlackElo "2532"]
[Result "1-0"]
[Round "6"]
[TimeControl "180+2"]
[Date "2023.07.11"]
[WhiteClock "0:00:23"]
[BlackClock "0:00:00"]
[Board "135"]

1. e4 c5 2. Nf3 e6 3. d4 cxd4 4. Nxd4 Qb6 5. Nc3 Bc5 6. Be3 Nc6 7. Na4 Qa5+ 8. c3 Bxd4 9. Bxd4 Nxd4 10. Qxd4 e5 11. Qd5 Qxa4 12. Bc4 Ne7 13. Qxf7+ Kd8 14. Qxg7 Re8 15. Qf7 b5 16. Bd5 Nxd5 17. Qxd5 Rb8 18. Rd1 Qc4 19. Qxc4 bxc4 20. Rd2 Ke7 21. O-O d6 22. Rfd1 Rd8 23. f4 Bg4 24. Rf1 Be6 25. f5 Bf7 26. g4 h6 27. h4 Rg8 28. Rg2 Kf6 29. Rd1 Rb6 30. Kh2 a5 31. Rdg1 a4 32. g5+ hxg5 33. hxg5+ Ke7 34. g6 Be8 35. Kg3 Kf6 36. Kf3 Bc6 37. g7 d5 38. Rg6+ Kf7 39. Re6 dxe4+ 40. Ke3 Rxg7 41. Rxg7+ Kxg7 42. Rxe5 Kf6 43. Rc5 Bb7 44. Rxc4 Rxb2 45. Rxa4 Kxf5 46. Ra5+ Ke6 47. a4 Bd5 48. Rc5 Ra2 49. a5 Ra3 50. Kd4 1-0


[Site "https://www.chess.com"]

[Event "Titled Tuesday Blitz July 11 Late 2023"]
[White "Martin Carmona, Gaston Manuel"]
[Black "Quirke, Jeffrey"]
[WhiteFideId "22284567"]
[BlackFideId "2013029"]
[WhiteElo "2506"]
[BlackElo "2241"]
[Result "1-0"]
[Round "6"]
[TimeControl "180+2"]
[Date "2023.07.11"]
[WhiteClock "0:01:00"]
[BlackClock "0:00:00"]
[Board "136"]

1. Nf3 f5 2. c4 Nf6 3. g3 e6 4. Bg2 d5 5. O-O Be7 6. d3 O-O 7. Nc3 dxc4 8. dxc4 Qxd1 9. Rxd1 Nc6 10. Bf4 Ne8 11. Nb5 Bd8 12. Ne5 Nxe5 13. Rxd8 Nxc4 14. Rxe8 Rxe8 15. Nxc7 Bd7 16. Nxa8 Rxa8 17. b3 Na5 18. Rd1 Bc6 19. Bxc6 Nxc6 20. Rd7 e5 21. Be3 b6 22. Rc7 Nb4 23. Bd2 Nd5 24. Rd7 Nf6 25. Re7 e4 26. Bg5 Nd5 27. Rd7 Nb4 28. Be3 Nc6 29. Rc7 Ne5 30. Bd4 Nf7 31. e3 g6 32. h4 h5 33. Kf1 b5 34. Bxa7 Ne5 35. Bd4 Nd3 36. Ba7 Kf8 37. a4 bxa4 38. bxa4 Ke8 39. a5 Kd8 40. Bb6 Ke8 41. Rh7 1-0


[Site "https://www.chess.com"]

[Event "Titled Tuesday Blitz July 11 Late 2023"]
[White "WindWhistler11"]
[Black "Kohler, Aran"]
[BlackFideId "1002856"]
[WhiteElo "2471"]
[BlackElo "2240"]
[Result "1-0"]
[Round "6"]
[TimeControl "180+2"]
[Date "2023.07.11"]
[WhiteClock "0:01:01"]
[BlackClock "0:00:49"]
[Board "137"]

1. Nf3 c6 2. g3 d5 3. c4 e6 4. Bg2 Nf6 5. O-O Nbd7 6. b3 a5 7. Bb2 Be7 8. d3 b5 9. cxb5 cxb5 10. e4 dxe4 11. dxe4 Bb7 12. e5 Nd5 13. Nd4 b4 14. Re1 O-O 15. Qg4 Kh8 16. Nd2 Rb8 17. Nc4 Nc5 18. Rad1 Qc7 19. Nb5 Qc6 20. Nbd6 Bxd6 21. exd6 Nf6 22. Bxc6 Nxg4 23. Bxb7 Rxb7 24. Nxa5 Ra7 25. Nc6 Rxa2 26. Re2 Nd7 27. Bxg7+ Kxg7 28. Rxa2 Rc8 29. Nxb4 Nge5 30. Nd3 Nf3+ 31. Kg2 Nd4 32. Ra7 Nf6 33. Nf4 Nb5 34. Rb7 Nc3 35. Nxe6+ Kg6 36. d7 Nxd7 37. Nf4+ 1-0


[Site "https://www.chess.com"]

[Event "Titled Tuesday Blitz July 11 Late 2023"]
[White "Reprintsev, Alexander"]
[Black "Kopacz, Grzegorz"]
[WhiteFideId "14100541"]
[BlackFideId "1109880"]
[WhiteElo "2465"]
[BlackElo "2224"]
[Result "1-0"]
[Round "6"]
[TimeControl "180+2"]
[Date "2023.07.11"]
[WhiteClock "0:00:56"]
[BlackClock "0:00:07"]
[Board "138"]

1. e4 c5 2. b3 Nc6 3. Bb2 e5 4. f4 d6 5. Qf3 g6 6. Bb5 Bg7 7. fxe5 dxe5 8. Bxc6+ bxc6 9. d3 Ne7 10. Qe3 O-O 11. Nf3 c4 12. bxc4 Qc7 13. O-O Rb8 14. Bc3 f5 15. Nbd2 f4 16. Qf2 Bg4 17. Rab1 a5 18. a4 c5 19. Nb3 Rxb3 20. Rxb3 Bxf3 21. gxf3 g5 22. Kh1 h5 23. Rg1 Kh7 24. Rb5 Qd6 25. Qxc5 Qf6 26. Qxe5 Qc6 27. Qxg7# 1-0


[Site "https://www.chess.com"]

[Event "Titled Tuesday Blitz July 11 Late 2023"]
[White "Bettalli, Francesco"]
[Black "Chemin, Justo Reinaldo"]
[WhiteFideId "2816453"]
[BlackFideId "2101580"]
[WhiteElo "2460"]
[BlackElo "2238"]
[Result "0-1"]
[Round "6"]
[TimeControl "180+2"]
[Date "2023.07.11"]
[WhiteClock "0:00:00"]
[BlackClock "0:00:33"]
[Board "139"]

1. d4 d5 2. Nc3 Nf6 3. Bf4 a6 4. e3 Bf5 5. f3 e6 6. g4 Bg6 7. h4 h5 8. g5 Nfd7 9. Bd3 Bxd3 10. Qxd3 c5 11. Nge2 Nc6 12. e4 dxe4 13. Nxe4 cxd4 14. Nxd4 Nxd4 15. Qxd4 e5 16. Qe3 Qa5+ 17. Nc3 Bb4 18. O-O-O Bxc3 19. bxc3 O-O-O 20. Bg3 Qxa2 21. Qa7 Qa1+ 22. Kd2 Nb6+ 23. Ke2 Qb2 0-1


[Site "https://www.chess.com"]

[Event "Titled Tuesday Blitz July 11 Late 2023"]
[White "Bazzano, Sebastian"]
[Black "KorolDimitriy75"]
[WhiteFideId "104566"]
[WhiteElo "2213"]
[BlackElo "2431"]
[Result "1/2-1/2"]
[Round "6"]
[TimeControl "180+2"]
[Date "2023.07.11"]
[WhiteClock "0:00:07"]
[BlackClock "0:00:09"]
[Board "140"]

1. d4 Nf6 2. Bf4 c5 3. dxc5 Qa5+ 4. c3 Qxc5 5. Qd4 Qa5 6. Bxb8 Rxb8 7. Nd2 g6 8. Nb3 Qc7 9. Qxa7 Bg7 10. Nf3 O-O 11. e3 d5 12. Qc5 Qd8 13. Be2 Ne4 14. Qb4 e5 15. O-O Be6 16. Nc5 Nxc5 17. Qxc5 Qf6 18. Rfd1 Rfc8 19. Qb5 g5 20. h3 h5 21. Nh2 Qg6 22. Rac1 g4 23. hxg4 hxg4 24. Nf1 Bf6 25. c4 d4 26. exd4 exd4 27. Bd3 Qh6 28. Bf5 Kg7 29. Bxe6 fxe6 30. Re1 Rc6 31. Ng3 Kg6 32. c5 Rh8 33. Qd3+ Kf7 34. Kf1 Rhc8 35. b4 b6 36. Ne4 bxc5 37. Nxc5 Be7 38. Qxd4 Bxc5 39. Rxc5 Rxc5 40. bxc5 Qh1+ 41. Ke2 Qxg2 42. Qd7+ Kf6 43. Qxc8 Qe4+ 44. Kd2 Qd4+ 45. Kc1 Qc3+ 46. Kd1 Qd3+ 47. Kc1 Qc3+ 48. Kd1 Qd3+ 49. Kc1 Qc3+ 1/2-1/2


[Site "https://www.chess.com"]